 Dungeon Crawl Stone Soup version 0.25-a0-62-g88673ef095 (webtiles) character file.

Game seed: 16201276910282985568, levelgen mode: deterministic

647 MrRokkomies the Sneak (level 7, 0/33 HPs)
             Began as a Spriggan Assassin on Oct 31, 2019.
             Succumbed to a killer bee's poison
             ... on level 4 of the Dungeon.
             The game lasted 00:09:08 (5136 turns).

MrRokkomies the Sneak (Spriggan Assassin)           Turns: 5136, Time: 00:09:09

Health: 0/33       AC:  3    Str:  9    XL:     7   Next: 27%
Magic:  8/8        EV: 16    Int: 12    God:
Gold:   186        SH:  5    Dex: 18    Spells: 5/6 levels left

rFire    + . .     SeeInvis +   a - +2 short sword (freeze)
rCold    + . .     Gourm    .   g - +0 buckler
rNeg     . . .     Faith    .   b - +0 robe
rPois    +         Spirit   .   (helmet restricted)
rElec    +         Reflect  .   c - +0 cloak
rCorr    +         Harm     .   (gloves unavailable)
MR       +....                  (boots unavailable)
Stlth    ++++......             (no amulet)
HPRegen  0.11/turn              j - ring of resist corrosion
MPRegen  0.11/turn              (no ring)

@: lethally poisoned (0 -> -15), resistant, very quick
A: very small, unfitting armour, see invisible, herbivore, speed 3, slow
metabolism 2
a: no special abilities


You were on level 4 of the Dungeon.
You were not hungry.

You visited 1 branch of the dungeon, and saw 4 of its levels.

You collected 186 gold pieces.

Inventory:

Hand Weapons
 a - a +2 short sword of freezing (weapon)
Missiles
 d - 9 poisoned darts (quivered)
 e - 2 curare-tipped darts
Armour
 b - a +0 robe (worn)
 c - a +0 cloak (worn)
 g - a +0 buckler (worn)
Jewellery
 j - a ring of resist corrosion (left hand)
Potions
 h - 2 potions of flight
 n - a potion of magic
Comestibles
 f - 11 rations


   Skills:
 - Level 1.5 Fighting
 * Level 5.5 Short Blades
 * Level 5.0 Throwing
 - Level 1.5 Dodging
 + Level 7.8 Stealth
 + Level 3.0 Hexes


You had 5 spell levels left.
You knew the following spells:

 Your Spells              Type           Power        Failure   Level  Hunger
a - Confusing Touch       Hex            #.....       16%         1    ##.....

Your spell library contained the following spells:

 Spells                   Type           Power        Failure   Level  Hunger
 Confuse                  Hex            #.......     43%         3    ####...
 Gell's Gravitas          Tloc           #.........   86%         3    ####...
 Petrify                  Tmut/Erth      #.......     99%         4    #####..
 Metabolic Englaciation   Hex/Ice        #.........   100%        5    ######.
 Yara's Violent Unravell  Hex/Tmut       #.........   100%        5    ######.


Dungeon Overview and Level Annotations

Branches:
Dungeon (4/15)
 Temple: D:4-7

Altars:
Ashenzari
Elyvilon
Gozag
Nemelex Xobeh
Trog

Shops:
D:4 %}


Innate Abilities, Weirdness & Mutations

You are very small and have problems with some larger weapons.
You are too small for most types of armour.
You have supernaturally acute eyesight. (SInv)
You are a herbivore.
You cover ground extremely quickly.
You need to consume almost no food.


Message History

You are more poisoned.
The killer bee poisons you! You block the killer bee's attack.
The killer bee misses you.
* * * LOW HITPOINT WARNING * * *
You feel sick.
The killer bee explodes!
Your Throwing skill increases to level 5!
Your Hexes skill increases to level 3!
Unknown command.
* * * LOW HITPOINT WARNING * * *
You feel sick.
* * * LOW HITPOINT WARNING * * *
You feel sick.
* * * LOW HITPOINT WARNING * * *
You feel sick. The killer bee barely misses you.
* * * LOW HITPOINT WARNING * * *
You feel sick.
* * * LOW HITPOINT WARNING * * *
You feel sick.
You die...

..... .....##
#.......... ......
........#......#
..............##..☼..##
.................#§y.##
.........##......#§§.%##
......... ##.##....y...#
......... #....(.....##
..........##........###
....# #.(....(.@..##
...## ###(####.####
#..#####...# #(###
#....#....# ##(..#
##(.....#.####...?##.
.............†........
).......##.............
.....y...##....(###+###
........#...y(.##


You could see 2 killer bees.

Vanquished Creatures
  A water moccasin skeleton (D:4)
  8 killer bees
  A hound (D:4)
  Jessica (D:3)
  A worker ant (D:4)
  Robin (D:3)
  4 gnolls
  4 adders (D:3)
  2 oozes
  5 worms
  2 dart slugs (D:3)
  3 orcs
  A bat (D:3)
  3 giant cockroaches
  11 goblins
  6 hobgoblins
  3 jackals (D:3)
  3 ball pythons
  6 frilled lizards
  3 kobolds
  11 rats
80 creatures vanquished.

Notes
Turn   | Place    | Note
-------+----------+-------------------------------------------
     0 | D:1      | MrRokkomies the Spriggan Assassin began the quest for the
                  | Orb.
     0 | D:1      | Reached XP level 1. HP: 10/10 MP: 2/2
   384 | D:1      | Reached skill level 6 in Stealth
   666 | D:1      | Reached XP level 2. HP: 14/14 MP: 3/3
  1364 | D:2      | Found an opulent altar of Gozag.
  1397 | D:2      | Found a shattered altar of Ashenzari.
  1745 | D:2      | Found a sparkling altar of Nemelex Xobeh.
  2114 | D:2      | Reached XP level 3. HP: 18/18 MP: 4/4
  2630 | D:2      | Noticed a moth of wrath
  2633 | D:2      | Found a bloodstained altar of Trog.
  2814 | D:2      | Learned a level 1 spell: Confusing Touch
  3093 | D:2      | Reached XP level 4. HP: 22/22 MP: 5/5
  3235 | D:3      | Reached skill level 1 in Hexes
  3236 | D:3      | Reached XP level 5. HP: 25/25 MP: 6/6
  3248 | D:3      | Reached skill level 7 in Stealth
  3248 | D:3      | Reached XP level 6. HP: 6/30 MP: 7/7
  3487 | D:3      | Noticed Jessica
  3532 | D:3      | Killed Jessica
  3553 | D:3      | Noticed Robin
  3564 | D:3      | Killed Robin
  4624 | D:4      | Found a white marble altar of Elyvilon.
  4628 | D:4      | Found Jittocvent's Food Shop.
  4631 | D:4      | Reached skill level 5 in Short Blades
  4694 | D:4      | Found Tuesumu's Gadget Shoppe.
  4922 | D:4      | Reached XP level 7. HP: 26/33 MP: 8/8
  5129 | D:4      | Reached skill level 5 in Throwing
  5133 | D:4      | HP: 1/33 [poisoned by a killer bee]
  5136 | D:4      | Succumbed to a killer bee's poison

Levels and vault maps discovered:
D:1:      lemuel_arrival_rhombus, layout_basic, minmay_3d_cube
D:2:      layout_loops_corners, nicolae_overflow_crystal_walls,
          nemelex_xobeh_ov_fountains_minmay, nicolae_ashenzari_panopticon,
          tgw_trog
D:3:      layout_loops_ring, uniq_jessica, uniq_robin
D:4:      layout_cave_pools, elyvilon_altar_5, serial_shops, shop,
          kennysheep_little_box, shop

Skill      XL: |  1  2  3  4  5  6  7 |
---------------+----------------------+-----
Stealth        | 6 7 |  7.8
Short Blades   | 3 4 5 |  5.5
Throwing       | 3 4 5 |  5.0
Hexes          | 1 2 3 |  3.0
Fighting       | |  1.5
Dodging        | |  1.5

Action                   |  1- 3 |  4- 6 |  7- 9 || total
-------------------------+-------+-------+-------++-------
Melee: Dagger            |    21 |       |       ||    21
       Short sword       |    43 |   148 |     5 ||   196
Throw: Dart              |    21 |    17 |    12 ||    50
  Use: Scroll            |     5 |     4 |     1 ||    10
       Potion            |       |     2 |     2 ||     4
 Stab: Sleeping          |     8 |     8 |     1 ||    17
  Eat: Ration            |       |     1 |       ||     1
Armor: Robe              |    11 |     8 |     2 ||    21
Dodge: Dodged            |    45 |    77 |    12 ||   134
Block: Buckler           |    17 |    27 |     9 ||    53

Table legend:
 A = Non-vault XP
 B = Vault XP
 C = Vault XP percentage of total XP
 D = Non-vault monster count
 E = Vault monster count
 F = Vault count percentage of total count
                 A         B        C        D         E       F
            +---------+---------+-------+---------+---------+-------
      Total |     846 |      79 |   8.5 |      64 |      16 |  20.0
            +---------+---------+-------+---------+---------+-------
        D:1 |      27 |       2 |   6.9 |      11 |       2 |  15.4
        D:2 |      62 |       6 |   8.8 |       9 |       2 |  18.2
        D:3 |     423 |      71 |  14.4 |      35 |      12 |  25.5
        D:4 |     334 |       0 |   0.0 |       9 |       0 |   0.0
            +---------+---------+-------+---------+---------+-------
